 Dungeon Crawl Stone Soup version 0.28-a0-1312-g71652a0310 (webtiles) character file.

Game seed: 2229367684958879554

12508 freelancePsychic the Destroyer (level 11, -1/69 HPs)
             Began as a Tengu Conjurer on Dec 27, 2021.
             Was an Elder of Vehumet.
             Slain by a blink frog (6 damage)
             ... while petrified by a basilisk
             ... on level 1 of the Lair of Beasts.
             The game lasted 00:33:31 (13087 turns).

freelancePsychic the Destroyer (Tengu Conjurer)    Turns: 13087, Time: 00:33:32

Health: -1/69      AC:  4    Str:  7    XL:     11   Next: 94%
Magic:  14/24      EV:  2    Int: 22    God:    Vehumet [****..]
Gold:   143        SH:  0    Dex: 14    Spells: 8/26 levels left

rFire   . . .      SeeInvis .   g - +2 dagger (vamp)
rCold   . . .      Faith    .   (no shield)
rNeg    + + +      Spirit   .   a - +0 robe
rPois   ∞          Reflect  .   (helmet restricted)
rElec   .          Harm     .   p - +1 cloak
rCorr   .          Rampage  .   (no gloves)
Will    .....                   (boots unavailable)
Stlth   ++........              f - amulet of magic regeneration
HPRegen 0.21/turn               i - +4 ring of evasion
MPRegen 0.59/turn               (no ring)

@: petrified, flying quickly and evasively, quick
A: beak, talons 3, nimble flight
a: Renounce Religion


You were on level 1 of the Lair of Beasts.
You worshipped Vehumet.
Vehumet was greatly pleased with you.
You visited 3 branches of the dungeon, and saw 13 of its levels.
You also visited: Bailey.

You collected 535 gold pieces.
You spent 392 gold pieces at shops.

Inventory:

Hand Weapons
 g - a +2 vampiric dagger (weapon)
Missiles
 A - 2 throwing nets
Armour
 a - a +0 robe (worn)
 p - a +1 cloak (worn)
Jewellery
 f - an amulet of magic regeneration (around neck)
 i - a +4 ring of evasion (left hand)
 F - a ring of poison resistance
Wands
 h - a wand of acid (9)
 u - a wand of iceblast (12)
 w - a wand of paralysis (8)
 x - a wand of charming (6)
 E - a wand of flame (6)
 G - a wand of polymorph (6)
Scrolls
 c - 7 scrolls of teleportation {@r4}
 d - 2 scrolls of fear
 j - 2 scrolls of holy word
 o - a scroll of torment
 r - 2 scrolls of blinking
 s - a scroll of summoning
 t - 2 scrolls of immolation
 v - 4 scrolls of enchant weapon
 y - a scroll of amnesia
 C - 2 scrolls of magic mapping
Potions
 b - 5 potions of curing {@q1}
 e - a potion of brilliance
 k - a potion of invisibility
 l - a potion of lignification
 m - 3 potions of haste {@q3}
 n - a potion of might {unknown}
 q - 2 potions of attraction
 z - a potion of berserk rage {unknown}
 B - 2 potions of mutation {unknown}
 D - a potion of heal wounds {unknown}


   Skills:
 + Level 8.4 Fighting
 + Level 7.2 Dodging
 - Level 2.0 Stealth
 + Level 8.0 Spellcasting
 + Level 12.1 Conjurations
 - Level 1.1 Hexes
 + Level 2.9 Transmutations
 - Level 3.8 Ice Magic
 + Level 10.3 Air Magic


You had 8 spell levels left.
You knew the following spells:

 Your Spells              Type           Power      Damage    Failure   Level
a - Mephitic Cloud        Conj/Pois/Air  41%        N/A       1%          3
b - Lightning Bolt        Conj/Air       27%        1d44      1%          5
e - Freezing Cloud        Conj/Ice/Air   23%        6-21      1%          5
h - Irradiate             Conj/Tmut      21%        3d20      2%          5

Your spell library contained the following spells:

 Spells                   Type           Power      Damage    Failure   Level
 Freeze                   Ice            100%       1d11      1%          1
 Magic Dart               Conj           100%       1d8       1%          1
 Searing Ray              Conj           100%       2d8       1%          2
 Dazzling Flash           Conj/Hex       76%        N/A       1%          3
 Frozen Ramparts          Ice            50%        1d7       1%          3
 Airstrike                Air            26%        N/A       1%          4
 Fulminant Prism          Conj/Hex       19%        3d11      1%          4
 Hailstorm                Conj/Ice       44%        3d10      1%          4
 Iskenderun's Mystic Bla  Conj/Tloc      35%        2d8       1%          4
 Iskenderun's Battlesphe  Conj           58%        2d11      1%          5
 Ozocubu's Armour         Ice            25%        N/A       4%          3
 Inner Flame              Hex/Fire       11%        N/A       5%          3
 Summon Small Mammal      Summ           32%        N/A       8%          1
 Summon Lightning Spire   Summ/Air       31%        N/A       9%          4
 Summon Guardian Golem    Hex/Summ       11%        N/A       19%         3
 Call Canine Familiar     Summ           8%         N/A       22%         3
 Iron Shot                Conj/Erth      17%        9d4       24%         6
 Cause Fear               Hex            6%         N/A       43%         4
 Animate Armour           Summ/Erth      16%        N/A       58%         4
 Animate Dead             Necr           4%         N/A       58%         4
 Metabolic Englaciation   Hex/Ice        9%         N/A       58%         5
 Spellforged Servitor     Conj/Summ      17%        N/A       75%         7
 Summon Mana Viper        Hex/Summ       11%        N/A       86%         5
 Borgnjor's Vile Clutch   Necr/Erth      4%         N/A       90%         5
 Summon Forest            Summ/Tloc      4%         N/A       90%         5
 Simulacrum               Ice/Necr       8%         N/A       99%         6
 Death Channel            Necr           4%         N/A       100%        6
 Summon Cactus Giant      Summ           4%         N/A       100%        6
 Discord                  Hex            6%         N/A       100%        8


Dungeon Overview and Level Annotations

Branches:
Dungeon (11/15)            Temple (1/1) D:4            Lair (1/6) D:11
 Bailey (visited)
    Orc: D:9-12

Altars:
Cheibriados
Dithmenos
Elyvilon
Fedhas
Gozag
Hepliaklqana
Kikubaaqudgha
Makhleb
Nemelex Xobeh
Okawaru
Qazlal
Ru
Sif Muna
Trog
Uskayaw
Vehumet
Wu Jian
Xom
Yredelemnul
Zin

Shops:
D:4 **   D:5 (

Annotations:
D:3 3 runed translucent doors, kd29's ghost, amateur DrTm


Innate Abilities, Weirdness & Mutations

You have a beak for a mouth.
You have claws for feet.
Your magical nature lets you fly swiftly and evasively.


Message History

The wolf bites you but does no damage.
The blink frog is engulfed in freezing vapours.
The blink frog seems to slow down.
The wolf is engulfed in freezing vapours.
The wolf bites you! x2
The basilisk gazes at you.
The blink frog blinks!
The wolf is engulfed in freezing vapours.
The wolf bites you! The wolf bites you.
The wolf is engulfed in freezing vapours.
The wolf bites you. x2; The basilisk bites you!
The wolf is engulfed in freezing vapours.
The wolf bites you. The wolf completely misses you.
The wolf is engulfed in freezing vapours.
You kill the wolf!
Vehumet accepts your kill.
You feel your power returning.
The basilisk bites you but does no damage.
The wolf bites you!
The blink frog croaks.
You hear an angry hiss.
The blink frog blinks!
The wolf bites you. The basilisk gazes at you. You resist with some effort.
The wolf bites you!
The blink frog blinks!
A blink frog comes into view.
The wolf bites you. The basilisk bites you!
* * * LOW HITPOINT WARNING * * *
The blink frog croaks.
The wolf bites you!
* * * LOW HITPOINT WARNING * * *
The blink frog is engulfed in freezing vapours.
The blink frog seems to slow down.
The wolf is engulfed in freezing vapours.
The basilisk bites you!
* * * LOW HITPOINT WARNING * * *
The blink frog blinks!
The wolf bites you.
* * * LOW HITPOINT WARNING * * *
The blink frog is engulfed in freezing vapours.
The blink frog hits you!
You die...

'####### ..# #...#
#.## ...# ## ...##
##F.#####.# ##+.#
#P.......### . ....#
#......§§○#§. ...÷##
#......§#§§#
.....##### #....lF○F§#
....###..###....@..#
....###.....F.§.°h§#.
...≈≈.≈..###.[§h§....#
≈≈≈≈≈≈≈≈≈###..○○§..###
≈≈≈≈≈≈≈≈≈.#........#
≈≈≈≈≈≈≈≈≈.##.......#
≈≈≈≈.≈≈≈≈..##..#####
≈≈≈.<≈≈≈≈.###.##
≈≈≈≈.≈≈≈≈≈# ...


You could see a basilisk, 4 blink frogs and 2 wolves.

Vanquished Creatures
  A hydra (Lair:1)
  3 two-headed ogres (D:10)
  A cyclops (D:10)
  Maurice (D:9)
  An unseen horror (D:9)
  A cane toad (Lair:1)
  2 trolls (D:11)
  A blink frog (Lair:1)
  2 shadows (D:10)
  A wraith (D:10)
  3 yaks (D:10)
  2 basilisks (Lair:1)
  A steam dragon (D:9)
  3 water moccasins
  A hornet zombie (D:9)
  13 orc warriors (Bailey)
  A sky beast (D:7)
  2 necrophages (D:5)
  A black bear (D:5)
  3 ogres
  16 centaurs
  2 wolves (Lair:1)
  A phantom (D:6)
  2 kobold brigands
  3 bullfrogs
  6 scorpions
  16 killer bees
  9 wights
  2 howler monkeys
  4 centaur zombies
  6 orc priests
  3 centaur skeletons
  2 jellies
  A bullfrog skeleton (D:5)
  3 hounds
  2 iguanas
  8 orc wizards
  A killer bee zombie (D:5)
  2 howler monkey zombies (D:6)
  4 gnolls (D:5)
  2 howler monkey skeletons
  7 adders
  2 shadow imps (D:5)
  A white imp (D:5)
  3 worms (D:2)
  47 orcs
  7 bats
  8 endoplasms
  3 giant cockroaches
  4 goblins
  13 hobgoblins
  9 jackals
  18 kobolds
  9 quokkas
  8 ball pythons
  2 frilled lizards (D:1)
  2 rats
282 creatures vanquished.

Vanquished Creatures (others)
  3 fungi (Lair:1)
  2 plants (Lair:1)
5 creatures vanquished.

Grand Total: 287 creatures vanquished

Notes
Turn   | Place    | Note
-------+----------+-------------------------------------------
     0 | D:1      | freelancePsychic the Tengu Conjurer began the quest for the
                  | Orb.
     0 | D:1      | Reached XP level 1. HP: 10/10 MP: 4/4
     4 | D:1      | Found a faded altar of an unknown god.
   191 | D:1      | Reached XP level 2. HP: 16/16 MP: 3/6
   288 | D:1      | Learned a level 2 spell: Searing Ray
   434 | D:1      | Reached skill level 1 in Fighting
   715 | D:1      | Reached XP level 3. HP: 20/20 MP: 4/7
  1558 | D:2      | Reached skill level 1 in Hexes
  1558 | D:2      | Reached XP level 4. HP: 25/25 MP: 4/8
  2020 | D:2      | Reached skill level 6 in Conjurations
  2301 | D:3      | Noticed kd29's ghost (amateur DrTm)
  2303 | D:3      | Found a runed translucent gate.
  2307 | D:3      | Found a runed translucent gate.
  2307 | D:3      | Found a runed translucent gate.
  2724 | D:3      | Found a shimmering blue altar of Sif Muna.
  2940 | D:3      | Gained mutation: Your magical nature lets you fly swiftly
                  | and evasively. [Tengu growth]
  2940 | D:3      | Reached XP level 5. HP: 30/30 MP: 4/10
  3387 | D:4      | Found Xeefryti's Elemental Accessories.
  3625 | D:4      | Reached XP level 6. HP: 31/36 MP: 2/12
  3778 | D:4      | Reached skill level 1 in Air Magic
  3913 | D:4      | Found a staircase to the Ecumenical Temple.
  3995 | Temple   | Entered the Ecumenical Temple
  4317 | Temple   | Became a worshipper of Vehumet
  4391 | D:4      | Reached skill level 7 in Conjurations
  4535 | D:4      | Found Kuewon's Neck Hole.
  4554 | D:4      | Reached XP level 7. HP: 32/41 MP: 5/13
  5186 | D:5      | Entered Level 5 of the Dungeon
  5304 | D:5      | Found Ryschetz's Antique Weapon Shop.
  5364 | D:5      | Reached XP level 8. HP: 43/48 MP: 9/15
  5374 | D:5      | Reached skill level 8 in Conjurations
  5659 | D:5      | Reached skill level 5 in Air Magic
  5680 | D:5      | Reached * piety under Vehumet
  5680 | D:5      | Offered knowledge of Sandblast by Vehumet.
  5705 | D:5      | Reached skill level 5 in Spellcasting
  5865 | D:5      | Reached skill level 5 in Fighting
  6316 | D:5      | Reached skill level 9 in Conjurations
  6318 | D:5      | Reached skill level 1 in Ice Magic
  6318 | D:5      | Reached XP level 9. HP: 49/54 MP: 16/18
  6324 | D:5      | Reached ** piety under Vehumet
  6324 | D:5      | Offered knowledge of Shock by Vehumet.
  8423 | D:7      | Offered knowledge of Mephitic Cloud by Vehumet.
  8483 | D:7      | Found a flagged portal.
  8493 | Bailey   | Entered a bailey
  8498 | Bailey   | Learned a level 3 spell: Mephitic Cloud
  8593 | Bailey   | Reached skill level 10 in Conjurations
  8613 | Bailey   | Reached XP level 10. HP: 61/61 MP: 20/20
  8621 | Bailey   | Reached *** piety under Vehumet
  8978 | Bailey   | Reached skill level 5 in Dodging
  9018 | Bailey   | Offered knowledge of Olgreb's Toxic Radiance by Vehumet.
 10232 | D:8      | Reached **** piety under Vehumet
 10610 | D:9      | Noticed Maurice
 10620 | D:9      | Killed Maurice
 10661 | D:9      | Got the Guide on Supportive Stones
 10713 | D:9      | Reached skill level 11 in Conjurations
 10839 | D:9      | Killed an unseen horror
 10839 | D:9      | Offered knowledge of Irradiate by Vehumet.
 10845 | D:9      | Reached XP level 11. HP: 43/67 MP: 13/22
 10853 | D:9      | Learned a level 5 spell: Irradiate
 11283 | D:9      | Learned a level 5 spell: Lightning Bolt
 11342 | D:10     | Entered Level 10 of the Dungeon
 11378 | D:10     | Noticed a two-headed ogre
 11382 | D:10     | Killed a two-headed ogre
 11383 | D:10     | Reached skill level 1 in Transmutations
 11464 | D:10     | Noticed a cyclops
 11469 | D:10     | Killed a cyclops
 11519 | D:10     | Noticed a two-headed ogre
 11529 | D:10     | Killed a two-headed ogre
 11802 | D:4      | Bought the Collected Works on Ice for 392 gold pieces
 11808 | D:4      | Learned a level 5 spell: Freezing Cloud
 11945 | D:10     | Noticed a two-headed ogre
 11964 | D:10     | Killed a two-headed ogre
 12625 | D:11     | Found a staircase to the Lair.
 12655 | D:11     | Reached skill level 10 in Air Magic
 12655 | D:11     | Noticed a white ugly thing
 12659 | Lair:1   | Entered Level 1 of the Lair of Beasts
 12833 | Lair:1   | Noticed a five-headed hydra
 12846 | Lair:1   | Killed a five-headed hydra
 12847 | Lair:1   | Reached skill level 12 in Conjurations
 13087 | Lair:1   | Slain by a blink frog

Illustrated notes

Levels and vault maps discovered:
D:1:      eino_arrival_water_cross, layout_loops_cross,
          hellmonk_ecumenical_altar_run_dry, minivault_25
D:2:      layout_basic, st_stairs_7, hangedman_feature_mirror
D:3:      layout_loops_cross, lemuel_doored_altar, gammafunk_ghost_split,
          chequers_serial_rivers_large_b
D:4:      layout_loops_cross, minmay_temple_entry_sparse_star,
          nicolae_elemental_shop, corexii_checkpoint_a,
          nicolae_shop_sticking_my_neck_out
D:5:      layout_loops_ring, serial_shops, shop_fountains, minmay_starry_boxes
D:6:      layout_basic
D:7:      layout_basic, enter_bailey_2
D:8:      layout_loops_corners, minmay_misc_feat_diagonals
D:9:      layout_roguey, minmay_misc_feat_chi, uniq_maurice
D:10:     layout_roguey, uniq_erolcha
D:11:     layout_cave_pods, lair_entry_dummy, minmay_orc_entry_guard_dogs
Temple:   mainiacjoe_temple_circle_huts
Lair:1:   layout_roguey, infiniplex_staircase_pool_2

Skill      XL: |  1  2  3  4  5  6  7  8  9 10 11 |
---------------+----------------------------------+-----
Fighting       | 1 2 3 4 5 6 7 8 |  8.4
Hexes          | 1 |  1.1
Conjurations   | 6 7 9 10 11 12 | 12.1
Spellcasting   | 3 4 5 6 7 8 |  8.0
Air Magic      | 2 4 6 7 9 10 | 10.3
Ice Magic      | 1 3 |  3.8
Dodging        | 4 5 7 |  7.2
Transmutations | 2 |  2.9
Stealth        | |  2.0

Action                   |  1- 3 |  4- 6 |  7- 9 | 10-12 || total
-------------------------+-------+-------+-------+-------++-------
Melee: Dagger            |       |    11 |     4 |    11 ||    26
       Kick              |       |     1 |     1 |     5 ||     7
       Peck              |       |     1 |     1 |     3 ||     5
 Cast: Magic Dart        |    22 |       |       |       ||    22
       Searing Ray       |    25 |    42 |    86 |    33 ||   186
       Mephitic Cloud    |       |       |    15 |    47 ||    62
       Lightning Bolt    |       |       |       |    48 ||    48
       Irradiate         |       |       |       |     7 ||     7
       Freezing Cloud    |       |       |       |     2 ||     2
  Use: Scroll            |       |     6 |    11 |     6 ||    23
       Potion            |       |     1 |       |       ||     1
Armor: Robe              |       |    10 |     9 |     9 ||    28
Dodge: Dodged            |     3 |    26 |    95 |    88 ||   212

Table legend: (Time is in decaauts)
 A = Elapsed time spent in this place.
 B = Non-inter-level travel time spent in this place.
 C = Inter-level travel time spent in this place.
 D = Time resting spent in this place.
 E = Time spent auto-exploring this place.
 F = Levels seen in this place.
 G = Mean time per level.
                   A        B        C        D        E       F      G
               +--------+--------+--------+--------+--------+-----+--------+
         Total |  12524 |  11996 |    528 |    741 |   9068 |  14 |  894.6 |
       Dungeon |  11194 |  10683 |    511 |    741 |   8151 |  11 | 1017.6 |
        Temple |    327 |    311 |     16 |      0 |    289 |   1 |  327.0 |
          Lair |    413 |    413 |      0 |      0 |    352 |   1 |  413.0 |
        Bailey |    589 |    589 |      0 |      0 |    274 |   1 |  589.0 |
               +--------+--------+--------+--------+--------+-----+--------+

Top non-repeatable levels by time:
     D:4: 1564 daAuts
     D:5: 1533 daAuts
     D:6: 1176 daAuts
     D:2: 1146 daAuts
     D:1: 1087 daAuts
     D:3: 1063 daAuts
     D:7: 933 daAuts
    D:10: 931 daAuts
     D:8: 931 daAuts
     D:9: 758 daAuts
  Bailey: 589 daAuts
  Lair:1: 413 daAuts
  Temple: 327 daAuts
    D:11: 67 daAuts
